 Dungeon Crawl Stone Soup version 0.28.0-45-g0d030f2227 (webtiles) character file.

Game seed: 15802245349814131719

61 namelastname112 the Insei (level 3, -3/33 HPs)
             Began as a Draconian Monk on Mar 29, 2022.
             Slain by Robin
             ... wielding a +2 vampiric spear
              (6 damage)
             ... on level 2 of the Dungeon.
             The game lasted 00:01:41 (2037 turns).

namelastname112 the Insei (Draconian Monk)          Turns: 2037, Time: 00:01:42

Health: -3/33      AC:  5    Str: 13    XL:     3   Next: 83%
Magic:  4/4        EV: 13    Int: 10    God:
Gold:   110        SH:  0    Dex: 15    Spells: 4/4 levels left

rFire   . . .      SeeInvis .     - Unarmed
rCold   . . .      Faith    .   (no shield)
rNeg    . . .      Spirit   .   (armour unavailable)
rPois   .          Reflect  .   (helmet restricted)
rElec   .          Harm     .   a - scarf {+Inv}
rCorr   .          Rampage  .   (no gloves)
Will    .....                   (no boots)
Stlth   ++........              (no amulet)
HPRegen 0.11/turn               (no ring)
MPRegen 0.09/turn               (no ring)

@: no status effects
A: AC +5, unfitting armour, cold-blooded
a: Evoke Invisibility


You were on level 2 of the Dungeon.
You visited 1 branch of the dungeon, and saw 2 of its levels.

You collected 110 gold pieces.

Inventory:

Hand Weapons
 b - a +0 dagger of draining
Armour
 a - a scarf of invisibility (worn)
Scrolls
 d - 3 scrolls of identify {unknown}
 e - a scroll of vulnerability {unknown}
 f - a scroll of teleportation {unknown}
 g - a scroll of magic mapping {unknown}
 h - a scroll of enchant armour {unknown}
 i - a scroll of amnesia {unknown}
Potions
 c - a potion of heal wounds {unknown}
 j - a potion of attraction {unknown}
 k - a potion of berserk rage {unknown}


   Skills:
 + Level 3.7 Fighting
 + Level 3.1 Dodging
 - Level 1.7 Stealth
 * Level 3.8 Unarmed Combat
 + Level 1.2 Spellcasting


You had 4 spell levels left.
You didn't know any spells.
Your spell library was empty.

Dungeon Overview and Level Annotations

Branches:
Dungeon (2/15)

Altars:
Yredelemnul

Shops:
D:1 [[*(

Annotations:
D:2 Robin


Innate Abilities, Weirdness & Mutations

Your plain brown scales are hard. (AC +5)
You cannot fit into any form of body armour.
You are cold-blooded and may be slowed by cold attacks.


Message History

Robin roars a battlecry!!!
The goblins go into a battle-frenzy!!!
You beat Robin but do no damage!
Your tail-slap misses Robin!
Robin is moderately wounded!
The hobgoblin barely misses you!
Robin says, "My army is invincible!!!"
The goblin closely misses you!
You barely miss Robin! You tail-slap Robin, but do no damage!
Robin is moderately wounded!
The hobgoblin misses you!
You beat Robin into a bloody pulp!
Robin is moderately wounded!
The goblin hits you with a +0 dagger! The hobgoblin hits you!
Robin barely misses you! The hobgoblin hits you!
Robin hits you from afar with a +2 vampiric spear!
Robin draws strength from your wounds!!!
You closely miss the goblin! Robin throws the goblin at you!!!
The goblin hits you with a +0 dagger!
A goblin comes into view! It is wielding a +0 dagger!
The goblin shouts!!!
Robin hits you with a +2 vampiric spear!
Robin draws strength from your wounds!!!
The hobgoblin hits you!
You beat the hobgoblin but do no damage!
Robin hits you with a +2 vampiric spear!
Robin draws strength from your wounds!!!
The hobgoblin hits you! The goblin hits you but does no damage!
You miss the goblin!
Robin hits you with a +2 vampiric spear! * * * don't die
* * * The hobgoblin completely misses you!
The goblin hits you with a +0 dagger! * * * don't die
* * * You beat the goblin into a bloody pulp!
You annihilate the goblin!!!
The hobgoblin barely misses you!
Robin roars a battlecry!!!
The goblin goes into a battle-frenzy!!!
The goblin barely misses you!
Robin hits you from afar with a +2 vampiric spear! rip

### #### #.. .....
####.# #..# ### ##
..##.######..#####.. .
#.##.##..........#.#.#
#.##.##...#..###.#.#.##
.............# .....#
..##.##...#..#####g#..#
####........)...@g....#
# #####.###)#####g##.#
# #.##.)...##... #
#+##.....#####.# ##
#.._..# .. .##
........# .# ..#
.........# # ..##
........##... ...+
.......+. ....


You could see Robin, a hobgoblin (strong) and a goblin (strong).

Vanquished Creatures
  An adder (D:2)
  A dart slug (D:1)
  2 ball pythons
  2 endoplasms
  A giant cockroach (D:1)
  15 goblins
  5 hobgoblins
  2 jackals (D:2)
  4 kobolds
  5 bats
  3 frilled lizards
  5 rats
46 creatures vanquished.

Notes
Turn   | Place    | Note
-------+----------+-------------------------------------------
     0 | D:1      | namelastname112 the Draconian Monk began the quest for the
                  | Orb.
     0 | D:1      | Reached XP level 1. HP: 19/19 MP: 1/1
    15 | D:1      | Found Gongeir's Weapon Shop.
   107 | D:1      | Reached XP level 2. HP: 18/23 MP: 2/2
   182 | D:1      | Found Qifeckog's General Store.
   236 | D:1      | Found Ikasitit's Antique Armour Boutique.
   382 | D:1      | Found Daowkag's Armour Shop.
   998 | D:1      | Reached XP level 3. HP: 31/31 MP: 4/4
  1408 | D:2      | Reached skill level 1 in Spellcasting
  1929 | D:2      | Found a basalt altar of Yredelemnul.
  1929 | D:2      | Noticed Robin
  2037 | D:2      | Slain by Robin

Illustrated notes

Levels and vault maps discovered:
D:1:      dpeg_arrival_rooms_b, layout_basic, serial_aquarium,
          aquarium_bridge_square [aquarium_subvault_bridge,
          aquarium_subvault_window, aquarium_subvault_wall,
          aquarium_subvault_bridge], aquarium_window_fake, aquarium_window_1,
          aquarium_window_corner, aquarium_window_1, aquarium_view_2b,
          aquarium_view_2d, serial_shops, shop, nicolae_square_shop,
          shop_statue, nicolae_shop_behind_doors
D:2:      layout_loops_corners, basic_altar, uniq_robin, uniq_crazy_yiuf_cottage

Skill      XL: |  1  2  3 |
---------------+----------+-----
Spellcasting   | 1 |  1.2
Dodging        | 3 |  3.1
Fighting       | |  3.7
Stealth        | |  1.7
Unarmed Combat | |  3.8

Action                   || total
-------------------------++-------
Melee: Unarmed           ||   160
       Tailslap          ||    15
       Punch             ||     5
 Stab: Sleeping          ||     9
Armor: Skin              ||    45
Dodge: Dodged            ||    89
